 Dungeon Crawl Stone Soup version 0.23-a0-375-g66a18ee (webtiles) character file.

105 Cryolive the Digger (level 4, -1/24 HPs)
             Began as a Gargoyle Earth Elementalist on Oct 26, 2018.
             Killed from afar by Sigmund (7 damage)
             ... with a puff of flame
             ... on level 3 of the Dungeon.
             The game lasted 00:05:48 (2761 turns).

Cryolive the Digger (Gargoyle Earth Elementalist)   Turns: 2761, Time: 00:05:49

Health: -1/24      AC:  5    Str: 12    XL:     4   Next: 83%
Magic:  0/8        EV: 11    Int: 16    God:
Gold:   88         SH:  0    Dex: 10    Spells: 5/9 levels left

rFire    . . .     SeeInvis .   l - +0 flail
rCold    . . .     Gourm    .   k - +0 buckler
rNeg     + . .     Faith    .   c - +0 robe
rPois    ∞         Spirit   .   (no helmet)
rElec    +         Reflect  .   (no cloak)
rCorr    .         Harm     .   (no gloves)
MR       .....                  (no boots)
Stlth    +.........             (no amulet)
HPRegen  0.08/turn              (no ring)
MPRegen  0.11/turn              (no ring)

@: confused
A: negative energy resistance 1, electricity resistance, unbreathing,
petrification resistance, rot immunity, AC +3
a: no special abilities


You were on level 3 of the Dungeon.
You were not hungry.

You visited 1 branch of the dungeon, and saw 3 of its levels.

You collected 88 gold pieces.

Inventory:

Hand Weapons
 a - a +0 club
 l - a +0 flail (weapon)
Missiles
 b - 140 stones (quivered)
Armour
 c - a +0 robe (worn)
 k - a +0 buckler (worn)
Jewellery
 y - an uncursed ring of resist corrosion {unknown}
Scrolls
 f - 2 scrolls of remove curse
 i - 2 scrolls of blinking {unknown}
 j - 2 scrolls of identify
 m - 2 scrolls of teleportation {unknown}
 n - 2 scrolls of noise {unknown}
 o - 2 scrolls of enchant weapon {unknown}
 q - a scroll of amnesia {unknown}
 r - 2 scrolls of magic mapping {unknown}
 s - a scroll of fear {unknown}
Potions
 e - a potion of ambrosia
 g - a potion of curing {unknown}
 h - 2 potions of heal wounds {unknown}
 p - a potion of degeneration {unknown}
 t - a potion of experience {unknown}
 u - a potion of might {unknown}
 v - a potion of flight {unknown}
 w - a potion of lignification {unknown}
Comestibles
 d - 3 rations
 x - 4 chunks of flesh


   Skills:
 - Level 1.5 Dodging
 - Level 2.1 Stealth
 + Level 3.1 Spellcasting
 + Level 1.8 Conjurations
   Level 0.7 Transmutations
 + Level 5.0 Earth Magic


You had 5 spell levels left.
You knew the following spells:

 Your Spells              Type           Power        Failure   Level  Hunger
a - Sandblast             Erth           ###...       4%          1    None
b - Stone Arrow           Conj/Erth      ##....       22%         3    ###....

Your spell library contained the following spells:

 Spells                   Type           Power        Failure   Level  Hunger
 Passwall                 Tmut/Erth      ##......     14%         2    ##.....
 Petrify                  Tmut/Erth      ##......     67%         4    ####...
 Lee's Rapid Deconstruct  Erth           ###.......   73%         5    ######.


Dungeon Overview and Level Annotations

Branches:
Dungeon (3/15)

Altars:
Zin
The Shining One

Annotations:
D:3 Sigmund


Innate Abilities, Weirdness & Mutations

You are resistant to torment.
Your stone body is resilient. (AC +3)
You are immune to poison.
You resist negative energy. (rN+)
You are resistant to electric shocks. (rElec)
You can survive without breathing.
You are immune to petrification.
You are immune to rotting.


Message History

The puff of flame hits you!
Casting: Sandblast (safe; 4% risk of failure)
Confirm with . or Enter, or press ? or * to list all spells.
Aiming: Sandblast (safe; 4% risk of failure)
Press: ? - help, Shift-Dir - straight line, f/p - Sigmund
Aim: Sigmund, wielding a +0 scythe and wearing a +0 robe (severely wounded)
The blast of sand misses Sigmund.
b - 140 stones Sigmund points at you and mumbles some strange words.
You are confused.
Sigmund hits you with a +0 scythe!
* * * LOW HITPOINT WARNING * * *
You miss Sigmund.
Sigmund is severely wounded.
Sigmund closely misses you.
You bump into the stone wall.
You bump into the stone wall.
Sigmund casts a spell at you. The puff of flame hits you!
You die...

.............. #.#
....†..........#.#
...............#.#
...............+.#
...............#.#
)..>...........#w#
...............#.#
...............#.#
...............#@#
########...#...#@#
.......'..)......#
########......####
....................#
...................@#
....................#
.^..##.##############
....##)##.....#


You could see Sigmund and a worm.

Vanquished Creatures
  3 adders (D:2)
  2 gnolls (D:3)
  2 worms (D:2)
  2 dart slugs
  A leopard gecko (D:1)
  3 bats
  2 giant cockroaches
  3 goblins
  8 hobgoblins
  2 jackals (D:1)
  5 kobolds
  2 quokkas
  2 ball pythons
  7 frilled lizards
  5 rats
49 creatures vanquished.

Notes
Turn   | Place    | Note
-------+----------+-------------------------------------------
     0 | D:1      | Cryolive the Gargoyle Earth Elementalist began the quest
                  | for the Orb.
     0 | D:1      | Reached XP level 1. HP: 10/10 MP: 3/3
   410 | D:1      | Reached skill level 4 in Earth Magic
   410 | D:1      | Reached XP level 2. HP: 6/15 MP: 5/5
   876 | D:1      | Reached XP level 3. HP: 8/19 MP: 6/6
   881 | D:1      | Learned a level 3 spell: Stone Arrow
  1369 | D:2      | Reached skill level 1 in Conjurations
  1695 | D:2      | Reached XP level 4. HP: 4/24 MP: 3/8
  2132 | D:2      | Found a glowing silver altar of Zin.
  2213 | D:2      | Found a glowing golden altar of the Shining One.
  2605 | D:3      | Reached skill level 5 in Earth Magic
  2745 | D:3      | Noticed Sigmund
  2761 | D:3      | Killed from afar by Sigmund

Vault maps used:
D:1:      ncdulo_watergridlock, corexii_leaking_fountain,
          chequers_serial_rivers_micro_a, minivault_5
D:2:      minmay_wonky_spiral, zin_academy, tso_altar
D:3:      uniq_sigmund, uniq_grinder

Skill      XL: |  1  2  3  4 |
---------------+-------------+-----
Earth Magic    | 4 5 |  5.0
Conjurations   | 1 |  1.8
Spellcasting   | 3 |  3.1
Dodging        | |  1.5
Stealth        | |  2.1
Transmutations | |  0.7

Action                   |  1- 3 |  4- 6 || total
-------------------------+-------+-------++-------
Melee: Club              |    76 |       ||    76
       Unarmed           |    13 |       ||    13
       Flail             |    49 |    59 ||   108
 Cast: Sandblast         |    10 |     8 ||    18
       Stone Arrow       |       |     2 ||     2
  Use: Scroll            |     2 |       ||     2
 Stab: Sleeping          |     3 |     2 ||     5
  Eat: Chunk             |     3 |     3 ||     6
Armor: Robe              |    35 |    21 ||    56
Dodge: Dodged            |   106 |    49 ||   155
Block: Buckler           |     8 |    11 ||    19

Table legend:
 A = Non-vault XP
 B = Vault XP
 C = Vault XP percentage of total XP
 D = Non-vault monster count
 E = Vault monster count
 F = Vault count percentage of total count
                 A         B        C        D         E       F
            +---------+---------+-------+---------+---------+-------
      Total |     145 |       6 |   4.0 |      46 |       3 |   6.1
            +---------+---------+-------+---------+---------+-------
        D:1 |      38 |       0 |   0.0 |      21 |       0 |   0.0
        D:2 |      74 |       6 |   7.5 |      20 |       3 |  13.0
        D:3 |      33 |       0 |   0.0 |       5 |       0 |   0.0
            +---------+---------+-------+---------+---------+-------
